 Dungeon Crawl Stone Soup version 0.23-a0-299-g9a66eeb (webtiles) character file.

8780 mhoghedin the Slicer (level 11, -5/71 HPs)
             Began as a Kobold Artificer on Oct 6, 2018.
             Was a Priest of Trog.
             Slain by Ijustatesigmund's ghost (13 damage)
             ... on level 10 of the Dungeon.
             The game lasted 00:27:21 (12838 turns).

mhoghedin the Slicer (Kobold Artificer)            Turns: 12838, Time: 00:27:22

Health: -5/71      AC: 15    Str: 12    XL:     11   Next: 62%
Magic:  17/17      EV: 16    Int: 17    God:    Trog [***...]
Gold:   611        SH:  0    Dex: 15    Spells: 10/10 levels left

rFire    + + +     SeeInvis .   a - +2 dagger (venom)
rCold    . . .     Gourm    .   (shield restricted)
rNeg     . . .     Faith    .   A - +4 scale mail of the Blessed Realm {rCorr Slay+2}
rPois    .         Spirit   .   p - +0 helmet
rElec    +         Reflect  .   E - +2 cloak
rCorr    +         Harm     .   j - +0 pair of gloves
MR       .....                  (no boots)
Stlth    ++........             (no amulet)
HPRegen  0.21/turn              v - ring "Ipnyobb" {rElec rF+++ Str-2 Int+5 Stlth-}
MPRegen  0.15/turn              w - ring of flight {+Fly, !d}

@: berserk cooldown, slowed, very slow
A: small, carnivore
a: Berserk, Trog's Hand, Renounce Religion, Evoke Flight


You were on level 10 of the Dungeon.
You worshipped Trog.
Trog was most pleased with you.
You were not hungry.

You visited 1 branch of the dungeon, and saw 10 of its levels.

You collected 611 gold pieces.

Inventory:

Hand Weapons
 a - a +2 dagger of venom (weapon)
   (You took it off an orc wizard on level 5 of the Dungeon)
 b - a +0 blowgun
   (You took it off a kobold on level 9 of the Dungeon)
Missiles
 C - 18 poisoned needles
Armour
 j - a +0 pair of gloves (worn)
   (You found it on level 2 of the Dungeon)
 p - a +0 helmet (worn)
   (You took it off Robin on level 3 of the Dungeon)
 A - the +4 scale mail of the Blessed Realm (worn) {rCorr Slay+2}
   (You found it on level 8 of the Dungeon)

   It affects your accuracy and damage with ranged weapons and melee attacks
   (+2).
   It provides partial protection from all sources of acid and corrosion.
 E - a +2 cloak (worn)
   (You found it on level 10 of the Dungeon)
Jewellery
 k - an uncursed ring of fire {unknown}
   (You found it on level 8 of the Dungeon)
 v - the ring "Ipnyobb" (left hand) {rElec rF+++ Str-2 Int+5 Stlth-}
   (You found it on level 7 of the Dungeon)

   [ring of attention]

   It affects your strength (-2).
   It affects your intelligence (+5).
   It renders you almost immune to fire.
   It insulates you from electricity.
   It makes you less stealthy.
 w - a ring of flight (right hand) {+Fly, !d}
   (You found it on level 8 of the Dungeon)
Wands
 d - a wand of enslavement (7)
 e - a wand of random effects (26)
 l - a wand of flame (28)
   (You took it off a big kobold on level 10 of the Dungeon)
 x - a wand of polymorph (50)
   (You found it on level 8 of the Dungeon)
Scrolls
 g - 6 scrolls of remove curse
 i - 3 scrolls of teleportation
 q - 2 scrolls of immolation {!r}
 y - a scroll of fog {unknown}
 D - a scroll of identify
Potions
 c - 5 potions of degeneration {!q}
 h - 6 potions of curing
 m - 3 potions of cancellation
 n - a potion of ambrosia {unknown}
 o - 2 potions of haste
 r - 2 potions of brilliance {unknown}
 s - a potion of resistance
 t - 5 potions of heal wounds
 u - a potion of agility
 B - 2 potions of flight
Comestibles
 f - 20 rations


   Skills:
 + Level 9.0 Fighting
 - Level 10.1 Short Blades
 + Level 4.2 Throwing
 + Level 1.4 Armour
 + Level 9.9 Dodging
 - Level 9.4 Stealth
 - Level 9.1 Evocations


You had 10 spell levels left.
You didn't know any spells.
Your spell library was empty.

Dungeon Overview and Level Annotations

Branches:
Dungeon (10/15)            Temple (0/1) D:6            Lair (0/6) D:10
    Orc (0/2) D:9

Altars:
Fedhas
Makhleb
Sif Muna
Trog
Uskayaw
Vehumet
Beogh

Annotations:
D:6 3 runed doors, exclusion: Menkaure, kirsanium's ghost, novice DrTm
D:10 Ijustatesigmund's ghost, journeyman OpWz


Innate Abilities, Weirdness & Mutations

You are small and have problems with some larger weapons.
You are carnivorous and can eat meat at any time.


Message History

You drop the +9 spear "Beetleslayer" {pain, +Fly rF+ rC+ SInv}.
Your +2 dagger of venom begins to drip with poison!
a - a +2 dagger of venom (weapon)
Ijustatesigmund's ghost says, "What's the hurry?
You'll die anyway."
y - a scroll labeled MALAUPNIUJY
Items here: ! )) †† a spear x2; a potion of lignification {!q}; a spriggan corpse a black bear corpse You butcher the spriggan corpse.
Items here: ! % )) ÷ † a spear x2; a potion of lignification {!q}; a chunk of flesh {@w0} a spriggan skeleton; a black bear corpse You butcher the black bear corpse.
Items here: ! %% )) ÷÷ Ijustatesigmund's ghost mumbles some strange words.
Ijustatesigmund's ghost blinks!
Aim: Ijustatesigmund's ghost, wielding a weapon of freezing The puff of flame hits Ijustatesigmund's ghost.
Ijustatesigmund's ghost casts a spell at you.
The ball explodes into a vile cloud!
The stinking cloud engulfs you!
Ijustatesigmund's ghost casts a spell.
Ijustatesigmund's ghost blinks!
Ijustatesigmund's ghost mumbles some strange words.
Ijustatesigmund's ghost blinks!
Health restored: 71 A red film seems to cover your vision as you go berserk!
You feel yourself moving faster!
You feel mighty!
You feel a lot more hungry. Ijustatesigmund's ghost hits you!
Ijustatesigmund's ghost freezes you.
You now have 92/106 hp.
You miss Ijustatesigmund's ghost. You hit Ijustatesigmund's ghost.
Ijustatesigmund's ghost hits you. Ijustatesigmund's ghost freezes you.
You take 2 damage, and have 90/106 hp.
You miss Ijustatesigmund's ghost.
You closely miss Ijustatesigmund's ghost.
You hit Ijustatesigmund's ghost.
Ijustatesigmund's ghost hits you but does no damage.
You miss Ijustatesigmund's ghost. You miss Ijustatesigmund's ghost.
You completely miss Ijustatesigmund's ghost.
Ijustatesigmund's ghost closely misses you.
You hit Ijustatesigmund's ghost.
You barely miss Ijustatesigmund's ghost.
Your scale mail of the Blessed Realm prevents you from hitting Ijustatesigmund's ghost completely misses you.
You hit Ijustatesigmund's ghost but do no damage.
You closely miss Ijustatesigmund's ghost.
Ijustatesigmund's ghost hits you! Ijustatesigmund's ghost freezes you!
You take 21 damage, and have 70/106 hp.
You miss Ijustatesigmund's ghost.
You completely miss Ijustatesigmund's ghost.
You hit Ijustatesigmund's ghost. You miss Ijustatesigmund's ghost.
Ijustatesigmund's ghost hits you but does no damage.
You puncture Ijustatesigmund's ghost! You puncture Ijustatesigmund's ghost!
Ijustatesigmund's ghost casts a spell at you.
The ball explodes into a vile cloud!
The stinking cloud engulfs you!
The stinking cloud engulfs Ijustatesigmund's ghost.
Ijustatesigmund's ghost appears unharmed.
You hit Ijustatesigmund's ghost.
You are engulfed in noxious fumes.
You closely miss Ijustatesigmund's ghost.
You are engulfed in noxious fumes.
You miss Ijustatesigmund's ghost.
You are engulfed in noxious fumes.
You choke on the stench!
You are confused.
Ijustatesigmund's ghost whispers, "Soon you will have time, lots of time..."
Ijustatesigmund's ghost completely misses you.
Unknown command.
Unknown command.
You bump into the rock wall.
You feel a strong urge to attack something.
Ijustatesigmund's ghost stares at you and mumbles some strange words.
The magic dart hits you!
You take 9 damage, and have 62/106 hp.
You puncture Ijustatesigmund's ghost!
Ijustatesigmund's ghost closely misses you.
Unknown command.
Unknown command.
You bump into the rock wall.
You feel less confused.
You are no longer berserk.
Trog's vigour flows through your veins.
You are exhausted.
You feel yourself slow down. Ijustatesigmund's ghost hits you!
Ijustatesigmund's ghost freezes you.
You now have 32/71 hp.
Unknown command.
Aim: Ijustatesigmund's ghost, wielding a weapon of freezing (noxious fumes, Ijustatesigmund's ghost is unaffected.
Ijustatesigmund's ghost hits you! Ijustatesigmund's ghost freezes you.
* * * LOW HITPOINT WARNING * * *
You take 11 damage, and have 21/71 hp.
Aim: Ijustatesigmund's ghost, wielding a weapon of freezing (noxious fumes, The bolt of negative energy misses Ijustatesigmund's ghost.
Ijustatesigmund's ghost hits you!
* * * LOW HITPOINT WARNING * * *
Ijustatesigmund's ghost freezes you.
* * * LOW HITPOINT WARNING * * *
Ijustatesigmund's ghost hits you!
You die...

#####.......♣♣♣♣♣♣♣...#........#.
...........♣♣ (♣.♣♣.........#.#.
.........#.♣ ♣♣.. ♣...........#.
....)....#.♣♣♣.. ♣..#.######.#.
....)....#♣♣...♣♣♣ ♣♣.......##.#.
.........#♣♣.♣...♣♣.♣............
.........#♣.♣##'##♣.♣##.###....#.
........>#♣♣#⌠...⌠#♣♣ #(# #..[.#.
##'##.#..#.....W@...# #.# #....#.
#.#.............##)# #.# #....#.
#.#..#..#.......##.###.# #....#.
#.#..#..#.......##..##.# #....#.
#.#..#..#.......##..##.###.##.#.
#.#..#..'.....).##..##.....##.#.
#.#..#.##.......##..##.######.#.
##.#..#.##.###...##...#.######.#.
...#'.#'##.# #...##.#.#.....(....


You could see Ijustatesigmund's ghost.

Vanquished Creatures
  An unseen horror (D:10)
  Pikel (D:5)
  A harpy (D:10)
  Maurice (D:8)
  A troll (D:9)
  A hornet (D:10)
  A spriggan (D:10)
  Prince Ribbit (D:7)
  Dowan (D:5)
  A hippogriff (D:10)
  A wyvern (D:10)
  2 basilisks (D:10)
  A yak (D:10)
  Eustachio (D:6)
  A hungry ghost (D:8)
  Grum (D:8)
  Menkaure (D:6)
  Edmund (D:6)
  A water moccasin (D:6)
  Purgy (D:3)
  5 orc warriors
  3 ice beasts
  5 sky beasts
  3 phantoms
  3 centaurs
  2 wolves (D:8)
  4 ogres
  Blork the orc (D:5)
  Terence (D:3)
  4 big kobolds
  3 bullfrogs
  2 scorpions
  A wyvern skeleton (D:10)
  11 killer bees
  2 howler monkeys (D:10)
  3 crimson imps
  A jelly (D:6)
  A centaur skeleton (D:9)
  A hound (D:10)
  A bullfrog skeleton (D:9)
  4 orc priests
  4 orc wizards
  2 iguanas
  Ijyb (D:2)
  4 worker ants
  Robin (D:3)
  11 adders
  An ooze (D:6)
  3 worms
  2 dart slugs
  5 leopard geckos
  41 orcs
  5 giant cockroaches
  16 goblins
  9 hobgoblins
  14 jackals
  4 quokkas
  2 ball pythons
  8 bats
  5 frilled lizards
  18 kobolds
  18 rats
256 creatures vanquished.

Vanquished Creatures (collateral kills)
  2 spriggans (D:10)
  Duvessa (D:5)
  A black bear (D:10)
  A hound (D:6)
  An orc wizard (D:3)
  A leopard gecko (D:2)
  3 orcs
  A giant cockroach (D:2)
  A hobgoblin (D:3)
  A jackal (D:2)
  2 kobolds
  A rat (D:2)
16 creatures vanquished.

Vanquished Creatures (others)
  A wizard (D:3)
  2 slaves (D:5)
  A black bear (D:10)
  An orc (D:5)
  A hobgoblin (D:3)
  A quokka (D:5)
  3 plants (D:10)
10 creatures vanquished.

Grand Total: 282 creatures vanquished

Notes
Turn   | Place    | Note
-------+----------+-------------------------------------------
     0 | D:1      | mhoghedin the Kobold Artificer began the quest for the Orb.
     0 | D:1      | Reached XP level 1. HP: 12/12 MP: 3/3
   209 | D:1      | Reached XP level 2. HP: 16/16 MP: 4/4
   508 | D:1      | Reached skill level 2 in Stealth
   547 | D:1      | Reached skill level 2 in Short Blades
   907 | D:2      | Reached XP level 3. HP: 8/20 MP: 5/5
   921 | D:2      | HP: 5/20 [poisoned by an adder]
   927 | D:2      | HP: 4/20 [poisoned by an adder]
  1355 | D:2      | Reached skill level 4 in Evocations
  1569 | D:2      | Reached skill level 3 in Dodging
  1573 | D:2      | Reached skill level 2 in Fighting
  1573 | D:2      | Reached XP level 4. HP: 20/26 MP: 7/7
  2917 | D:3      | Reached XP level 5. HP: 31/31 MP: 8/8
  2921 | D:3      | Noticed Terence
  2939 | D:2      | Reached skill level 3 in Stealth
  3007 | D:3      | Noticed Ijyb
  3072 | D:2      | Killed Ijyb
  3296 | D:3      | Reached skill level 3 in Short Blades
  3307 | D:3      | Noticed Robin
  3962 | D:3      | Killed Robin
  4075 | D:3      | Noticed Purgy
  4103 | D:3      | Killed Terence
  4103 | D:3      | Reached XP level 6. HP: 19/36 MP: 9/9
  4106 | D:3      | Reached skill level 3 in Fighting
  4129 | D:3      | HP: 5/37 [Purgy (5)]
  4501 | D:3      | Killed Purgy
  4501 | D:3      | Reached skill level 4 in Dodging
  4501 | D:3      | Reached skill level 4 in Stealth
  4560 | D:3      | Reached skill level 5 in Evocations
  4844 | D:3      | Found a deep blue altar of Sif Muna.
  4853 | D:3      | Found a burning altar of Makhleb.
  4854 | D:3      | Found a blossoming altar of Fedhas.
  4970 | D:3      | Found a bloodstained altar of Trog.
  5004 | D:3      | Noticed a wizard
  5011 | D:3      | Killed a wizard
  5127 | D:3      | Reached XP level 7. HP: 41/41 MP: 10/10
  5197 | D:3      | Became a worshipper of Trog the Wrathful
  5266 | D:4      | Reached skill level 4 in Short Blades
  6165 | D:5      | Entered Level 5 of the Dungeon
  6408 | D:5      | Noticed Duvessa
  6408 | D:5      | Noticed Dowan
  6427 | D:5      | HP: 9/42 [Duvessa/short sword (7)]
  6428 | D:5      | Killed Duvessa
  6428 | D:5      | Reached skill level 5 in Stealth
  6438 | D:5      | Killed Dowan
  6438 | D:5      | Reached skill level 4 in Fighting
  6438 | D:5      | Reached skill level 5 in Short Blades
  6438 | D:5      | Reached skill level 5 in Dodging
  6438 | D:5      | Reached XP level 8. HP: 26/48 MP: 12/12
  6741 | D:5      | Noticed Blork the orc
  6756 | D:5      | Killed Blork the orc
  6756 | D:5      | Reached skill level 6 in Evocations
  6803 | D:5      | Noticed Pikel
  6876 | D:5      | Killed Pikel
  6876 | D:5      | Reached skill level 5 in Fighting
  6876 | D:5      | Reached skill level 6 in Short Blades
  6876 | D:5      | Reached skill level 6 in Dodging
  6876 | D:5      | Reached skill level 6 in Stealth
  6876 | D:5      | Reached XP level 9. HP: 19/54 MP: 13/13
  7094 | D:6      | Noticed Eustachio
  7118 | D:6      | Noticed Menkaure
  7234 | D:6      | Noticed Edmund
  7293 | D:6      | Reached skill level 7 in Stealth
  7351 | D:6      | Reached skill level 7 in Evocations
  7686 | D:6      | Killed Menkaure
  7686 | D:6      | Reached skill level 7 in Short Blades
  7718 | D:6      | Reached skill level 6 in Fighting
  7742 | D:6      | Found a runed gate.
  7742 | D:6      | Found a runed gate.
  7743 | D:6      | Found a runed gate.
  7745 | D:6      | Noticed kirsanium's ghost (novice DrTm)
  7807 | D:6      | Reached * piety under Trog
  7875 | D:6      | Found a staircase to the Ecumenical Temple.
  7945 | D:6      | Reached skill level 7 in Dodging
  7960 | D:6      | Reached skill level 8 in Stealth
  8240 | D:6      | Killed Eustachio
  8367 | D:6      | Killed Edmund
  8367 | D:6      | Reached XP level 10. HP: 59/61 MP: 15/15
  8408 | D:7      | Noticed Prince Ribbit
  8438 | D:7      | Killed Prince Ribbit
  8438 | D:7      | Reached skill level 8 in Evocations
  8747 | D:7      | Got a transparent marble ring
  8748 | D:7      | Identified the ring "Ipnyobb" {rElec rF+++ Str-2 Int+5
                  | Stlth-} (You found it on level 7 of the Dungeon)
  9156 | D:8      | Noticed Grum
  9178 | D:8      | Reached skill level 8 in Short Blades
  9191 | D:8      | Reached skill level 9 in Stealth
  9196 | D:8      | Killed Grum
  9196 | D:8      | Reached skill level 7 in Fighting
  9444 | D:8      | Noticed Maurice
  9486 | D:8      | Killed Maurice
  9486 | D:8      | Reached skill level 8 in Dodging
  9569 | D:8      | Got a polished scale mail
  9645 | D:8      | Identified the +4 scale mail of the Blessed Realm {rCorr
                  | Slay+2} (You found it on level 8 of the Dungeon)
  9785 | D:9      | Reached ** piety under Trog
 10054 | D:9      | Noticed a hand axe
 10054 | D:9      | Noticed a hand axe
 10056 | D:9      | Found a hide-covered altar of Uskayaw.
 10173 | D:9      | Reached skill level 9 in Short Blades
 10236 | D:9      | Found a radiant altar of Vehumet.
 10370 | D:9      | Reached skill level 9 in Evocations
 10579 | D:9      | Found a roughly hewn altar of Beogh.
 10579 | D:9      | Found a staircase to the Orcish Mines.
 10876 | D:9      | Reached XP level 11. HP: 67/68 MP: 17/17
 10932 | D:9      | Reached skill level 1 in Throwing
 11141 | D:10     | Entered Level 10 of the Dungeon
 11164 | D:10     | Reached *** piety under Trog
 11164 | D:10     | Reached skill level 8 in Fighting
 11195 | D:10     | Reached skill level 9 in Dodging
 11342 | D:10     | Reached skill level 2 in Throwing
 11645 | D:10     | Reached skill level 10 in Short Blades
 11645 | D:10     | Reached skill level 3 in Throwing
 12014 | D:10     | Found a runed door.
 12061 | D:10     | Killed an unseen horror
 12076 | D:10     | Found a staircase to the Lair.
 12078 | D:10     | Noticed a harpy
 12079 | D:10     | Killed a harpy
 12079 | D:10     | Reached skill level 4 in Throwing
 12079 | D:10     | Reached skill level 1 in Armour
 12744 | D:10     | Noticed Ijustatesigmund's ghost (journeyman OpWz)
 12756 | D:10     | Reached skill level 9 in Fighting
 12785 | D:10     | Got a fine spear {pain}
 12786 | D:10     | Identified the +9 spear "Beetleslayer" {pain, +Fly rF+ rC+
                  | SInv} (You took it off a spriggan on level 10 of the
                  | Dungeon)
 12838 | D:10     | HP: 9/71 [Ijustatesigmund's ghost (12)]
 12838 | D:10     | Slain by Ijustatesigmund's ghost

Vault maps used:
D:1:      dpeg_arrival_chase, minmay_rat_gold_closets
D:3:      cheibrodos_helix_gallery, gammafunk_temple_overflow_claw,
          first_ration, trog_wizard, uniq_robin, uniq_purgy, uniq_ijyb,
          uniq_terence
D:5:      serial_bayou_pond_d, uniq_blork_the_orc, uniq_duvessa, uniq_pikel
D:6:      minmay_temple_entry_poolview, ebering_ghost_rock_garden,
          serial_park_tiny_pond, grunt_decor_mini_mirrors, uniq_menkaure,
          uniq_eustachio, uniq_edmund
D:7:      uniq_prince_ribbit1
D:8:      uniq_grum, uniq_maurice
D:9:      lemuel_crystal_altar, dancing_weapons_uskayaw, david_orc_5
D:10:     david_lair_generic, ebering_ghost_funeral_grove, blue_anna_alchemist

Skill      XL: |  1  2  3  4  5  6  7  8  9 10 11 |
---------------+----------------------------------+-----
Stealth        | 2 3 4 5 6 8 9 |  9.4
Short Blades   | 2 3 5 6 7 9 10 | 10.1
Evocations     | 4 5 6 7 9 |  9.1
Dodging        | 3 4 5 6 7 8 9 |  9.9
Fighting       | 2 3 4 5 6 7 9 |  9.0
Throwing       | 4 |  4.2
Armour         | 1 |  1.4

Action                   |  1- 3 |  4- 6 |  7- 9 | 10-12 || total
-------------------------+-------+-------+-------+-------++-------
Melee: Short sword       |   146 |   336 |   264 |       ||   746
       Dagger            |       |       |    54 |   564 ||   618
 Fire: Blowgun           |       |       |       |    11 ||    11
Invok: Berserk           |       |       |     1 |    13 ||    14
       Trog's Hand       |       |       |       |     1 ||     1
Evoke: Wand              |     5 |    16 |    27 |    10 ||    58
  Use: Potion            |     2 |     1 |     2 |       ||     5
       Scroll            |       |     7 |       |    12 ||    19
 Stab: Sleeping          |     6 |     6 |     9 |     4 ||    25
       Invisible         |       |     2 |       |       ||     2
       Distracted        |       |       |     1 |     3 ||     4
  Eat: Chunk             |     7 |    14 |    12 |    25 ||    58
       Ration            |       |       |       |     3 ||     3
Armor: Leather armour    |    32 |    87 |       |       ||   119
       Troll leather arm |       |    12 |    42 |    14 ||    68
       Scale mail        |       |       |       |    95 ||    95
Dodge: Dodged            |   128 |   308 |   193 |   298 ||   927

Table legend:
 A = Non-vault XP
 B = Vault XP
 C = Vault XP percentage of total XP
 D = Non-vault monster count
 E = Vault monster count
 F = Vault count percentage of total count
                 A         B        C        D         E       F
            +---------+---------+-------+---------+---------+-------
      Total |    7653 |    4890 |  39.0 |     202 |      70 |  25.7
            +---------+---------+-------+---------+---------+-------
        D:1 |      16 |      10 |  38.5 |      11 |      10 |  47.6
        D:2 |     127 |      47 |  27.0 |      42 |       8 |  16.0
        D:3 |     142 |     185 |  56.6 |      34 |       9 |  20.9
        D:4 |     130 |       0 |   0.0 |      11 |       0 |   0.0
        D:5 |     317 |    1111 |  77.8 |      10 |       4 |  28.6
        D:6 |    1370 |     521 |  27.6 |      19 |       3 |  13.6
        D:7 |      16 |     264 |  94.3 |       2 |       1 |  33.3
        D:8 |     715 |     875 |  55.0 |      12 |       4 |  25.0
        D:9 |    1638 |     518 |  24.0 |      31 |      22 |  41.5
       D:10 |    3182 |    1359 |  29.9 |      30 |       9 |  23.1
            +---------+---------+-------+---------+---------+-------

Vault maps used:
D:1:      dpeg_arrival_chase, minmay_rat_gold_closets
D:3:      cheibrodos_helix_gallery, gammafunk_temple_overflow_claw,
          first_ration, trog_wizard, uniq_robin, uniq_purgy, uniq_ijyb,
          uniq_terence
D:5:      serial_bayou_pond_d, uniq_blork_the_orc, uniq_duvessa, uniq_pikel
D:6:      minmay_temple_entry_poolview, ebering_ghost_rock_garden,
          serial_park_tiny_pond, grunt_decor_mini_mirrors, uniq_menkaure,
          uniq_eustachio, uniq_edmund
D:7:      uniq_prince_ribbit1
D:8:      uniq_grum, uniq_maurice
D:9:      lemuel_crystal_altar, dancing_weapons_uskayaw, david_orc_5
D:10:     david_lair_generic, ebering_ghost_funeral_grove, blue_anna_alchemist

Table legend:
 A = Turns spent in this place as a percentage of turns spent in the entire game.
 B = Non-inter-level travel turns spent in this place as a percentage of non-inter-level travel turns spent in the entire game.
 C = Inter-level travel turns spent in this place as a percentage of turns spent in this place.
 D = Turns resting spent in this place as a percentage of non-inter-level travel turns spent in this place.
 E = Turns spent auto-exploring this place as a percentage of non-inter-level travel turns spent in this place.
 F = Non-inter-level travel turns spent in this place divided by the number of levels of this place that you've seen.
                   A       B       C       D       E      F
               +-------+-------+-------+-------+-------+----------------------
         Total | 100.0 | 100.0 |   3.6 |  29.2 |  45.7 | 1238.0
       Dungeon | 100.0 | 100.0 |   3.6 |  29.2 |  45.7 | 1238.0
               +-------+-------+-------+-------+-------+----------------------

Table legend:
 A = Kills in this place as a percentage of kills in entire the game.
 B = Kills by you in this place as a percentage of kills by you in the entire game.
 C = Kills by friends in this place as a percentage of kills by friends in the entire game.
 D = Other kills in this place as a percentage of other kills in the entire game.
 E = Experience gained in this place as a percentage of experience gained in the entire game.
 F = Experience gained in this place divided by the number of levels of this place that you have seen.
                   A       B       C       D       E      F
               +-------+-------+-------+-------+-------+----------------------
         Total | 100.0 | 100.0 | 100.0 |   N/A | 100.0 | 1254.3
       Dungeon | 100.0 | 100.0 | 100.0 |   N/A | 100.0 | 1254.3
               +-------+-------+-------+-------+-------+----------------------
